Map: Divergence LE

Players

GamingPanda - Winner!

  • Race: Zerg Zerg
  • League: Diamond
  • Spawn Location: 11:00

elfman - Winner!

  • Race: Terran Terran
  • Spawn Location: 11:00

Cthulhu

  • Race: Terran Terran
  • Spawn Location: 5:00

Throwfordays

  • Race: Protoss Protoss
  • League: Silver
  • Spawn Location: 5:00

VOD

Have the link to the VOD?

Description

Time

  • Played on: July 19, 2020, 8:58 p.m.
  • Length: 13:37
Show
View Real Time Build Order
Export as new Build Order

GamingPanda Zerg - Winner!

Build Orders: Hatch First, Muta Ling Bane 

Get SALT Encoding   

  12  0:01  Drone  
  13  0:13  Overlord  
  13  0:19  Drone  
  14  0:33  Drone x2  
  16  0:53  Hatchery  
  16  0:56  Drone  
  16  0:58  Drone  
  16  1:00  Drone  
  18  1:12  Extractor  
  18  1:17  Spawning Pool  
  16  1:20  Drone  
  16  1:24  Drone  
  18  1:29  Drone  
  19  1:41  Overlord  
  19  1:51  Drone  
  20  2:01  Drone  
  20  2:04  Queen  
  20  2:05  Queen  
  20  2:07  Drone  
  26  2:17  Metabolic Boost  
  26  2:22  Drone x2  
  28  2:31  Drone x2  
  30  2:39  Overlord  
  30  2:47  Drone x2  
  30  2:50  Overlord  
  32  3:02  Drone x2  
  34  3:15  Hatchery  
  34  3:17  Drone x4  
  34  3:19  Spore Crawler  
  36  3:21  Drone x2  
  36  3:22  Drone x2  
  40  3:27  Zergling x4  
  42  3:37  Extractor  
  42  3:39  Extractor  
  42  3:40  Spore Crawler  
  39  3:48  Evolution Chamber  
  39  3:49  Drone  
  39  3:52  Drone x3  
  39  3:53  Zergling x8  
  39  3:54  Zergling x2, Evolution Chamber  
  46  3:57  Lair  
  46  4:11  Drone  
  46  4:14  Extractor  
  46  4:15  Drone x3  
  49  4:21  Drone x3  
  49  4:22  Baneling Nest, Drone  
  52  4:25  Overlord  
  52  4:26  Overlord  
  52  4:32  Queen  
  52  4:37  Drone  
  52  4:38  Drone  
  56  4:39  Drone x2  
  58  4:48  Drone  
  59  5:01  Zerg Melee Weapons Level 1, Zerg Ground Armor Level 1  
  58  5:17  Zergling x22  
  67  5:35  Zergling x12  
  73  5:46  Overlord x2  
  73  5:47  Overlord  
  73  5:51  Centrifical Hooks  
  73  5:57  Infestation Pit  
  72  6:05  Drone  
  72  6:06  Drone x13  
  86  6:20  Spire  
  86  6:22  Drone x4  
  86  6:24  Extractor  
  86  6:25  Spore Crawler  
  87  6:27  Extractor  
  86  6:42  Drone x3  
  86  6:44  Hive  
  89  6:53  Overlord  
  89  6:54  Overlord x3  
  89  7:00  Zerg Melee Weapons Level 2, Zerg Ground Armor Level 2  
  89  7:06  Hatchery  
  88  7:16  Drone  
  88  7:17  Drone x3  
  88  7:18  Drone  
  93  7:23  Baneling x5  
  93  7:24  Baneling x9  
  93  7:26  Overlord x4  
  93  7:27  Overlord  
  93  7:38  Zerg Flyer Weapons Level 1  
  93  7:53  Drone x9  
  93  7:54  Drone x6  
  108  8:15  Adrenal Glands  
  108  8:21  Queen, Ultralisk Cavern  
  108  8:24  Extractor  
  108  8:25  Spore Crawler, Extractor  
  108  8:26  Drone, Spine Crawler  
  106  8:27  Drone x9, Spine Crawler  
  106  8:30  Mutalisk x4  
  106  8:31  Mutalisk  
  106  8:33  Drone  
  125  8:48  Pneumatized Carapace  
  125  8:52  Overseer x4  
  125  9:20  Chitinous Plating  
  125  9:22  Zerg Ground Armor Level 3, Zerg Melee Weapons Level 3  
  125  9:39  Mutalisk x2  
  125  9:40  Mutalisk x5  
  125  9:42  Hatchery  
  125  9:43  Overlord x5  
  125  9:44  Extractor, Overlord  
  125  9:45  Extractor  
  136  9:55  Zerg Flyer Weapons Level 2  
  134  10:39  Anabolic Synthesis  
  128  10:50  Ultralisk x2  
  128  10:51  Ultralisk x4  
  128  10:52  Ultralisk  
  170  11:01  Spine Crawler  
  170  11:02  Spine Crawler  
  168  11:07  Spine Crawler  
  168  11:08  Spine Crawler  
  150  11:46  Zergling x2  
  131  11:47  Zergling x36  
  147  11:57  Zergling x2  
  147  11:58  Zergling x44  
  168  12:33  Ultralisk x2  
  168  12:36  Overlord x2  
  168  12:37  Overlord x2  
  180  12:54  Queen  
  182  13:09  Baneling x5  
  182  13:10  Baneling x3  
Show
View Real Time Build Order
Export as new Build Order

elfman Terran - Winner!

Build Orders:  

Get SALT Encoding   

  12  0:03  SCV  
  13  0:20  Supply Depot  
  13  0:21  SCV  
  14  0:34  SCV  
  15  0:46  SCV  
  16  0:51  Barracks  
  16  0:58  SCV  
  17  1:10  SCV  
  18  1:28  Command Center  
  18  1:41  Marine  
  19  1:47  Barracks  
  19  1:54  Bunker  
  19  1:59  Marine  
  20  2:10  Engineering Bay  
  20  2:11  SCV  
  20  2:13  Refinery  
  21  2:16  Marine  
  22  2:23  SCV  
  22  2:26  Supply Depot  
  23  2:39  Marine, SCV  
  23  2:44  Marine, Supply Depot  
  26  2:54  Supply Depot  
  26  2:57  Marine  
  27  3:01  Marine  
  28  3:15  Marine  
  28  3:16  SCV  
  28  3:17  Supply Depot  
  30  3:23  Missile Turret  
  31  3:27  SCV  
  31  3:28  SCV  
  32  3:39  SCV, Barracks Tech Lab  
  32  3:40  SCV  
  34  3:51  SCV  
  34  3:52  SCV  
  36  4:02  Barracks Reactor  
  36  4:03  SCV  
  36  4:04  SCV  
  38  4:10  Missile Turret  
  38  4:15  SCV  
  39  4:19  Barracks  
  39  4:20  Barracks  
  39  4:21  Barracks  
  39  4:27  Supply Depot, SCV  
  40  4:38  Missile Turret  
  40  4:39  SCV  
  41  4:49  Missile Turret  
  41  4:51  SCV  
  42  5:00  Command Center  
  42  5:03  SCV  
  42  5:24  Planetary Fortress  
  42  5:40  Combat Shield  
  42  5:47  SCV  
  43  5:59  SCV  
  43  6:01  SCV  
  45  6:11  SCV  
  45  6:13  Barracks Reactor, SCV  
  45  6:14  Barracks Reactor  
  45  6:17  Marine  
  45  6:18  Marine x3  
  51  6:23  SCV  
  52  6:26  SCV  
  52  6:32  Refinery  
  53  6:35  Marine x4  
  53  6:36  SCV  
  53  6:38  SCV, Supply Depot  
  53  6:39  Supply Depot  
  59  6:41  Supply Depot  
  59  6:42  Supply Depot  
  59  6:50  SCV  
  59  6:53  Marine x4  
  63  7:07  Supply Depot  
  63  7:10  Marine, Factory  
  63  7:11  Marine x3  
  67  7:20  Orbital Command  
  67  7:23  Missile Turret  
  67  7:24  Missile Turret  
  67  7:26  Missile Turret  
  67  7:27  Stimpack  
  67  7:29  Marine x8, Missile Turret  
  75  7:38  Terran Infantry Weapons Level 1  
  75  7:46  Marine  
  75  7:47  Marine x7  
  80  8:04  Marine x3  
  80  8:05  Marine x5  
  83  8:18  SCV  
  84  8:21  SCV  
  84  8:22  Marine x2  
  87  8:30  SCV  
  87  8:33  Bunker  
  87  8:34  SCV  
  89  8:41  Command Center  
  89  8:42  SCV  
  89  8:46  SCV  
  89  8:47  Factory Reactor  
  91  8:54  SCV  
  92  8:56  Factory  
  92  8:57  Factory  
  92  8:58  SCV  
  92  8:59  Armory  
  92  9:01  SCV  
  94  9:04  Engineering Bay  
  94  9:06  Barracks Reactor  
  94  9:07  Concussive Shells  
  94  9:10  Marine x4, SCV  
  94  9:11  Marine x3  
  94  9:13  SCV  
  103  9:25  SCV  
  103  9:28  Marine x7  
  111  9:37  SCV  
  112  9:39  Missile Turret x3  
  112  9:45  Marine  
  112  9:46  Marine x6  
  112  9:49  SCV  
  120  9:53  Factory Reactor, Factory Tech Lab  
  120  10:03  Marine  
  120  10:04  Marine x4  
  123  10:18  Terran Infantry Weapons Level 2  
  123  10:19  Terran Infantry Armor Level 1  
  123  10:30  Refinery  
  123  10:35  Refinery x2  
  123  10:36  Drilling Claws  
  123  10:46  Widow Mine  
  123  10:47  Widow Mine x4  
  123  10:49  Marine  
  134  10:50  Marine x7  
  134  10:51  Marine  
  142  11:02  Supply Depot x2  
  142  11:04  Supply Depot  
  142  11:07  Marine x2, Supply Depot  
  142  11:08  Marine x2, Supply Depot, Widow Mine  
  148  11:23  Marine x3, Widow Mine  
  148  11:24  Supply Depot  
  153  11:26  Supply Depot  
  153  11:28  Supply Depot  
  153  11:30  Supply Depot  
  153  11:35  Supply Depot  
  147  12:15  Widow Mine  
  149  12:16  Widow Mine x4  
  157  12:24  Marine x2  
  157  12:25  Marine x4  
  163  12:34  Hi-Sec Auto Tracking  
  163  12:37  Widow Mine x5  
  165  12:42  Marine x5  
  165  12:43  Marine  
  179  12:58  Widow Mine x3  
  181  12:59  Widow Mine x2  
  181  13:00  Marine x6  
  189  13:17  Marine  
  189  13:18  Marine x5  
Show
View Real Time Build Order
Export as new Build Order

Cthulhu Terran 

Build Orders:  

Get SALT Encoding   

  12  0:01  SCV  
  13  0:14  SCV  
  14  0:23  Supply Depot  
  14  0:26  SCV  
  15  0:51  Barracks  
  15  0:53  SCV  
  16  0:57  Refinery  
  16  1:06  SCV  
  17  1:18  SCV  
  18  1:32  SCV  
  19  1:34  Refinery  
  19  1:40  Supply Depot  
  19  1:49  Barracks Tech Lab  
  20  1:54  SCV  
  20  2:06  Barracks  
  20  2:12  SCV  
  20  2:14  Command Center  
  21  2:30  Orbital Command  
  21  2:44  Reaper  
  21  2:47  Stimpack  
  22  2:55  Marine  
  22  3:06  SCV  
  23  3:13  Reaper  
  23  3:16  Reaper  
  23  3:19  Factory  
  25  3:21  Barracks  
  25  3:22  SCV  
  26  3:34  Supply Depot  
  26  3:40  Orbital Command  
  26  3:46  Reaper  
  27  4:02  SCV  
  28  4:10  SCV  
  28  4:11  Reaper  
  28  4:12  Reaper  
  28  4:13  Factory Tech Lab  
  31  4:20  Engineering Bay  
  31  4:25  Armory  
  31  4:29  SCV  
  31  4:30  Reaper, SCV  
  34  4:44  Barracks Reactor  
  30  5:26  SCV x2  
  30  5:28  Barracks Reactor  
  32  5:41  Marine x2  
  32  5:43  Marauder  
  34  5:53  Starport  
  34  5:54  Thor  
  41  5:57  SCV x2  
  42  6:20  Marine x3  
  42  6:21  Marine  
  42  6:22  Marauder  
  42  6:24  Combat Shield  
  48  6:36  Terran Infantry Weapons Level 1  
  48  6:44  Factory  
  48  6:52  Barracks Reactor  
  48  6:55  SCV  
  48  6:56  SCV  
  48  7:00  Reaper x3  
  52  7:06  Hellion  
  54  7:18  SCV x2, Supply Depot  
  54  7:20  Supply Depot  
  56  7:26  Medivac  
  56  7:29  Hellion  
  60  7:30  Hellion  
  62  7:40  Marine, Reaper  
  64  7:59  Reaper x3  
  64  8:00  Reaper  
  65  8:31  Marine x3  
  68  8:45  SCV x2  
  68  8:46  Marine x2  
  72  8:49  Marine x2  
  74  8:57  SCV  
  75  9:02  Thor  
  75  9:03  Supply Depot x4  
  75  9:20  Viking x2, Command Center  
  72  10:25  Missile Turret  
  72  10:26  Sensor Tower, Missile Turret  
  73  10:28  SCV x2  
  73  10:31  Refinery x2  
  73  10:34  Missile Turret  
  74  10:36  Missile Turret  
  74  10:40  SCV  
  74  10:42  Command Center  
  75  10:50  Marine x4  
  75  10:52  Widow Mine x3  
  75  10:53  Medivac  
  75  10:56  Viking  
  89  10:58  SCV x2  
  91  11:08  Marine x3, Refinery  
  94  11:15  Supply Depot  
  94  11:16  Supply Depot  
  94  11:17  Supply Depot  
  94  11:21  Refinery  
  94  11:29  Orbital Command  
  61  12:00  Marauder  
  59  12:02  Widow Mine  
  59  12:18  Orbital Command  
  59  12:21  SCV  
  59  12:22  SCV x2, Marauder  
  50  12:43  Barracks Tech Lab, Marauder  
  52  12:45  Marine x2  
  52  12:47  Widow Mine x3  
  42  13:14  Widow Mine x2  
Show
View Real Time Build Order
Export as new Build Order

Throwfordays Protoss 

Build Orders: Zealot Archon 

Get SALT Encoding   

  12  0:00  Probe  
  13  0:13  Probe  
  14  0:18  Pylon  
  14  0:25  Probe  
  15  0:36  Gateway  
  15  0:38  Probe  
  16  0:44  Assimilator  
  16  0:50  Probe  
  17  1:02  Probe  
  18  1:06  Assimilator  
  18  1:14  Probe  
  19  1:23  Cybernetics Core  
  19  1:26  Probe  
  20  1:38  Probe  
  20  1:39  Warp Gate  
  21  1:50  Probe  
  21  1:53  Nexus  
  22  2:06  Pylon  
  22  2:14  Adept  
  22  2:20  Probe  
  25  2:34  Probe  
  26  2:44  Adept, Gateway  
  28  2:53  Probe  
  29  3:05  Probe  
  30  3:08  Probe  
  31  3:15  Adept  
  31  3:16  Probe  
  31  3:17  Probe  
  31  3:18  Pylon  
  34  3:21  Twilight Council  
  35  3:29  Probe  
  36  3:40  Probe  
  37  3:42  Probe  
  38  3:52  Probe  
  38  3:54  Probe  
  38  3:55  Stalker x2  
  44  4:04  Probe  
  44  4:06  Probe  
  46  4:16  Probe  
  47  4:18  Assimilator  
  47  4:19  Probe  
  47  4:20  Assimilator  
  47  4:22  Charge, Adept x2  
  52  4:28  Probe  
  53  4:32  Templar Archives  
  53  4:34  Gateway  
  53  4:36  Forge  
  53  4:42  Probe  
  54  4:51  Pylon  
  54  4:59  Pylon  
  54  5:01  Pylon  
  54  5:04  Pylon  
  54  5:05  Pylon  
  54  5:08  Pylon  
  54  5:09  Probe x2  
  56  5:16  Protoss Ground Weapons Level 1  
  56  5:20  Psionic Storm  
  56  5:21  Probe x2  
  58  5:33  Probe  
  59  5:40  Adept x3  
  65  5:48  Resonating Glaives  
  65  6:08  Nexus  
  65  6:09  High Templar  
  65  6:10  Assimilator, High Templar x2  
  71  6:15  Assimilator  
  71  6:18  Pylon  
  71  6:25  Gateway  
  71  6:26  Gateway  
  71  6:34  Probe  
  72  6:43  High Templar x3  
  78  6:48  Gateway  
  78  7:05  Probe  
  79  7:09  Probe  
  80  7:17  Probe  
  80  7:21  Probe  
  82  7:27  Gateway x2  
  82  7:29  Probe  
  83  7:33  Probe x2  
  85  7:41  Probe  
  85  7:43  High Templar x3  
  85  7:44  High Templar x2  
  96  7:45  Probe x2  
  98  7:53  Probe  
  98  7:54  Archon x2  
  98  7:57  Probe  
  98  7:58  Probe  
  101  8:01  Archon x2  
  101  8:02  Archon  
  101  8:05  Probe  
  101  8:09  Probe  
  103  8:17  High Templar  
  103  8:18  High Templar x2  
  103  8:19  High Templar  
  111  8:20  Zealot x2  
  111  8:22  Probe  
  116  8:30  Archon  
  116  8:31  Archon  
  116  8:35  Zealot  
  116  8:36  Zealot  
  120  8:42  High Templar  
  120  8:43  High Templar  
  120  8:46  Pylon  
  124  9:05  Pylon  
  124  9:11  Photon Cannon  
  124  9:14  Photon Cannon  
  124  9:19  Photon Cannon  
  124  9:20  High Templar x3  
  124  9:21  High Templar  
  124  9:23  Protoss Ground Armor Level 1  
  132  9:32  Forge  
  132  9:33  Zealot x2  
  132  9:34  Zealot x2  
  140  9:50  Photon Cannon  
  140  9:54  Photon Cannon  
  140  9:57  Photon Cannon  
  109  11:51  Archon x2  
  63  12:06  Pylon  
  63  12:07  Stalker x6  
  63  12:08  Pylon, Stalker x2  
  79  12:10  Pylon  
  79  12:12  Pylon  
  79  12:18  Robotics Facility  
  79  12:19  Robotics Facility  
  79  12:21  Robotics Facility  
  79  12:27  Robotics Facility  
  79  12:28  Robotics Facility  
  79  12:31  High Templar x2  
  79  12:32  High Templar x5  
  93  12:46  Pylon  
  93  12:54  Zealot  
  94  13:05  Zealot  
  94  13:06  Zealot x6  
Tags
 
Add a new tag
Caveats
  • Supply blocks, unpowered buildings, or Contaminate may cause inaccurate times.
  • Supply counts are checked every 10 seconds.